 Dungeon Crawl Stone Soup version 0.31-b1-17-gcfd88c8481 (webtiles) character file.

Game seed: 12510763269002889989

29049 NebNova the Basher (level 13, -13/113 (117) HPs)
             Began as a Hill Orc Fighter on Jan 15, 2024.
             Was the Champion of Cheibriados.
             Killed from afar by an orc sorcerer (16 damage)
             ... with a bolt of negative energy
             ... on level 2 of the Orcish Mines.
             The game lasted 01:39:38 (13510 turns).

NebNova the Basher (Hill Orc Fighter)              Turns: 13510, Time: 01:39:38

HP:   -13/113 (117) AC: 21    Str: 39    XL:     13   Next: 42%
MP:   17/17         EV: 15    Int: 27    God:    Cheibriados [******]
Gold: 1049          SH:  7    Dex: 26    Spells: 12/12 levels left

rFire   . . .        r - +11 mace "Hiadexub" {drain, rElec Str+3 SInv}
rCold   + . .        c - +0 buckler
rNeg    . . .        I - +0 plate armour
rPois   .            H - +0 helmet
rElec   +            o - +0 cloak
rCorr   .            t - +0 pair of gloves
SInv    +            v - +0 pair of boots
Will    .....        (no amulet) Stlth
                     e - ring of protection from cold
HPRegen 0.38/turn    E - +4 ring of slaying
MPRegen 0.15/turn

%: no passive effects
@: lightly drained, very slow
A: camouflage 1, clever 1, electricity resistance
a: Renounce Religion, Convert to Beogh, Bend Time, Temporal Distortion, Slouch,
Step From Time


You were on level 2 of the Orcish Mines.
You worshipped Cheibriados.
Cheibriados was exalted by your worship.
You visited 3 branches of the dungeon, and saw 15 of its levels.
You also visited: Bailey.

You collected 1088 gold pieces.
You spent 39 gold pieces at shops.

Inventory:

Hand Weapons
 h - a -2 demon whip of venom
 r - the +11 mace "Hiadexub" (weapon) {drain, rElec Str+3 SInv}
   (You found it on level 3 of the Dungeon)

   Str+3:     It affects your strength (+3).
   rElec:     It insulates you from electricity.
   SInv:      It lets you see invisible.
 x - a +2 whip of flaming
 M - a +4 falchion of freezing
 R - a +0 whip of distortion
 S - the +10 war axe "Nunnuis" {venom, rF- Dex+7}
   (You found it on level 9 of the Dungeon)

   Dex+7:     It affects your dexterity (+7).
   rF-:       It makes you vulnerable to fire.
Missiles
 i - 5 curare-tipped darts (quivered)
 m - 43 poisoned darts
 n - 3 throwing nets
Armour
 c - a +0 buckler (worn)
 j - the +1 robe of Putriusi {Will+ Archmagi}
   (You found it on level 7 of the Dungeon)

   Will+:     It increases your willpower.
   Archmagi:  It increases the power of your magical spells.
 o - a +0 cloak (worn)
 t - a +0 pair of gloves (worn)
 v - a +0 pair of boots (worn)
 H - a +0 helmet (worn)
 I - a +0 plate armour (worn)
 X - +0 acid dragon scales
Jewellery
 e - a ring of protection from cold (left hand)
 l - a ring of wizardry
 E - a +4 ring of slaying (right hand)
 F - a ring of wizardry
 T - a ring of resist corrosion
Talismans
 s - a beast talisman
Wands
 w - a wand of charming (9)
 O - a wand of roots (6)
 V - a wand of acid (2)
 W - a wand of mindburst (8)
Scrolls
 d - a scroll of noise {unknown}
 g - 2 scrolls of fear
 k - 5 scrolls of blinking
 p - 4 scrolls of enchant weapon
 u - 2 scrolls of vulnerability
 y - 2 scrolls of fog
 z - a scroll of brand weapon
 A - 3 scrolls of enchant armour
 G - 2 scrolls of revelation
 J - a scroll of butterflies
 L - 3 scrolls of amnesia
 Q - 2 scrolls of immolation
Potions
 a - a potion of haste {unknown}
 f - 2 potions of lignification
 q - a potion of heal wounds
 C - 3 potions of mutation
 D - 3 potions of brilliance
 N - a potion of enlightenment
 P - a potion of invisibility
 U - a potion of curing
Miscellaneous
 b - a lightning rod (4/4)
 Z - a condenser vane (inert)


   Skills:
 * Level 11.8 Fighting
 - Level 5.4(11.5) Axes
 + Level 13.3(13.6) Maces & Flails
 + Level 3.6 Throwing
 + Level 11.2 Armour
 * Level 7.4 Dodging
 - Level 0.4 Stealth
 + Level 7.2 Shields
 * Level 5.4 Invocations
 + Level 0.6 Evocations


You had 12 spell levels left.
You didn't know any spells.
Your spell library contained the following spells:

 Spells                   Type           Power      Damage    Failure   Level
 Apportation              Tloc           0%         N/A       50%         1
 Magic Dart               Conj           0%         1d3       50%         1
 Necrotise                Necr           0%         1d4       50%         1
 Sting                    Conj/Alch      0%         1d3       50%         1
 Summon Small Mammal      Summ           0%         N/A       50%         1
 Jinxbite                 Hex            0%         N/A       65%         2
 Lesser Beckoning         Tloc           0%         N/A       65%         2
 Searing Ray              Conj           0%         2d4       65%         2
 Frozen Ramparts          Ice            0%         1d1       86%         3
 Gell's Gravitas          Tloc           0%         N/A       86%         3
 Mephitic Cloud           Conj/Alch/Air  0%         N/A       86%         3
 Teleport Other           Tloc           0%         N/A       86%         3
 Fulminant Prism          Conj/Alch      0%         3d5       99%         4
 Ignite Poison            Fire/Alch      0%         N/A       99%         4
 Leda's Liquefaction      Alch/Erth      0%         N/A       99%         4
 Petrify                  Alch/Erth      0%         N/A       99%         4
 Alistair's Intoxication  Alch           0%         N/A       100%        5
 Metabolic Englaciation   Hex/Ice        0%         N/A       100%        5
 Yara's Violent Unravell  Hex/Alch       0%         3d3       100%        5
 Enfeeble                 Hex            0%         N/A       100%        7


Dungeon Overview and Level Annotations

Branches:
Dungeon (12/15)            Temple (1/1) D:5            Lair (0/5) D:10
    Orc (2/2) D:12         Bailey (visited)
    Elf: Orc:2

Altars:
Ashenzari
Cheibriados
Dithmenos
Elyvilon
Fedhas
Gozag
Hepliaklqana
Kikubaaqudgha
Makhleb
Nemelex Xobeh
Okawaru
Qazlal
Ru
Sif Muna
Trog
Uskayaw
Vehumet
Wu Jian
Xom
Yredelemnul
Zin
The Shining One
Beogh

Shops:
D:4 *


Innate Abilities, Weirdness & Mutations

Your skin changes colour to match your surroundings (Stealth+).
Your mind is acute. (Int +4, Str/Dex -1)
You are resistant to electric shocks. (rElec)


Message History

You sock the orc warrior! You drain the orc warrior.
The orc warrior is severely wounded.
The orc sorcerer becomes larger for a moment.
The orc sorcerer hits you but does no damage.
The orc warrior hits you from afar with a +0 halberd.
* * * LOW HITPOINT WARNING * * *
The orc warrior hits you but does no damage.
You hit the orc warrior. You drain the orc warrior.
You kill the orc warrior!
Cheibriados appreciates the change of pace.
You closely miss the orc sorcerer. The orc sorcerer closely misses you.
The orc warrior misses you.
The kobold blastminer unwields a +0 arbalest.
The kobold blastminer misses you.
You closely miss the orc sorcerer. You block the orc sorcerer's attack.
The orc warrior hits you from afar with a +0 halberd.
* * * LOW HITPOINT WARNING * * *
You block the orc's attack.
The orc high priest hits you but does no damage.
The orc high priest threatens, "By the altar or by the axe, you will meet Beogh!"
You sock the kobold blastminer! You drain the kobold blastminer.
The kobold blastminer is severely wounded.
The kobold blastminer blasts its cannon at you.
The iron shot misses you.
The kobold blastminer is knocked back by the blast.
The orc sorcerer points at you and mumbles some strange words.
The bolt of fire misses you.
Clouds condense from the air!
The condenser dries out!
The orc warrior is engulfed in noxious fumes.
The orc warrior appears confused.
The orc warrior misses the orc sorcerer.
The orc high priest invokes the aid of Beogh against you.
Beogh smites you!
* * * LOW HITPOINT WARNING * * *
The kobold blastminer wields a +0 arbalest.
The kobold blastminer shoots a bolt.
The bolt hits you!
* * * LOW HITPOINT WARNING * * *
The orc sorcerer gestures at you while chanting.
The bolt of negative energy hits you!
You feel drained.
You die...

.......... . .........
.. ......... ...
......... ....
##.......# .....
###....o....
.$...o#@#...........#...
.§.o§oo.oo..............
.##.§.§K.....#..........
#...§§§....##.....$...
#........####........#
##.....#.###..........
##...#####.........K.
##..# #......4o.. ####
.......4.oh.


You could see an orc high priest, a kobold blastminer (drained), an orc
sorcerer, 2 orc warriors and an orc wizard.

Vanquished Creatures
  An orc warlord (Bailey)
  A boulder beetle (D:12)
  4 two-headed ogres
  Amaemon (D:9)
  Pikel (D:4)
  2 orc knights
  4 cyclopes
  2 gargoyles
  Maggie (D:6)
  An orange demon (D:9)
  Psyche (D:8)
  A hornet (D:10)
  4 trolls
  Sigmund (D:3)
  A centaur simulacrum (D:11)
  12 yaks
  2 vampires
  2 wraiths
  5 wargs (Orc:1)
  8 vampire mosquitoes (D:11)
  A steam dragon (D:6)
  An acid dragon (D:11)
  An ice beast (D:6)
  22 orc warriors
  2 black bears (D:5)
  3 wolves (D:10)
  4 ogres
  6 centaurs
  A phantom (D:6)
  2 lemures (D:4)
  Blork the orc (D:6)
  2 kobold brigands
  2 bullfrogs
  4 scorpions
  7 wights
  18 killer bees
  2 electric eels (D:10)
  4 howler monkeys
  A bombardier beetle (D:7)
  A jelly (D:5)
  6 orc priests
  10 hounds
  2 gnoll boudas
  2 sleepcaps
  2 iguanas
  9 orc wizards
  20 gnolls
  7 adders
  A white imp (D:6)
  A dart slug (D:4)
  A ribbon worm (D:4)
  41 orcs
  9 endoplasms
  3 giant cockroaches (D:4)
  6 hobgoblins
  3 jackals (D:4)
  A quokka (D:1)
  8 ball pythons
  3 bats
  3 frilled lizards
  20 goblins
  20 kobolds
  6 rats
324 creatures vanquished.

Vanquished Creatures (others)
  An orc (Bailey)
1 creature vanquished.

Grand Total: 325 creatures vanquished

Notes
Turn   | Place    | Note
-------+----------+-------------------------------------------
     0 | D:1      | NebNova the Hill Orc Fighter began the quest for the Orb.
     0 | D:1      | Reached XP level 1. HP: 19/19 MP: 1/1
   446 | D:1      | Reached XP level 2. HP: 11/27 MP: 2/2
   961 | D:1      | Reached XP level 3. HP: 33/33 MP: 3/3
  1568 | D:2      | Reached XP level 4. HP: 17/40 MP: 4/4
  1851 | D:2      | Gained mutation: Your skin changes colour to match your
                  | surroundings (Stealth+). [potion of mutation]
  1851 | D:2      | Gained mutation: Your mind is acute. (Int +4, Str/Dex -1)
                  | [potion of mutation]
  1851 | D:2      | Gained mutation: You are resistant to electric shocks.
                  | (rElec) [potion of mutation]
  1956 | D:3      | Noticed Sigmund
  2007 | D:3      | Killed Sigmund
  2008 | D:3      | Reached skill level 5 in Axes
  2008 | D:3      | Reached skill level 1 in Dodging
  2008 | D:3      | Reached XP level 5. HP: 21/46 MP: 5/5
  2008 | D:3      | Reached XP level 6. HP: 24/52 MP: 6/6
  2198 | D:3      | Identified the +11 mace "Hiadexub" {drain, rElec Str+3
                  | SInv}
  2808 | D:4      | Found Inetamesio's General Store.
  2834 | D:4      | Reached skill level 5 in Armour
  2934 | D:4      | Reached skill level 1 in Maces & Flails
  3130 | D:4      | Noticed Pikel
  3148 | D:4      | Killed Pikel
  3149 | D:4      | Reached skill level 5 in Fighting
  3149 | D:4      | Reached skill level 4 in Maces & Flails
  3149 | D:4      | Reached XP level 7. HP: 34/61 MP: 7/7
  3544 | D:4      | Bought a potion of lignification for 39 gold pieces
  3555 | D:5      | Entered Level 5 of the Dungeon
  3568 | D:5      | Reached XP level 8. HP: 65/68 MP: 8/8
  3580 | D:5      | Reached skill level 5 in Maces & Flails
  3813 | D:5      | Found a staircase to the Ecumenical Temple.
  3856 | Temple   | Entered the Ecumenical Temple
  3888 | Temple   | Became a worshipper of Cheibriados the Contemplative
  4148 | D:5      | Reached skill level 6 in Maces & Flails
  4483 | D:5      | Found a bloodstained altar of Trog.
  4598 | D:6      | Reached * piety under Cheibriados
  4599 | D:6      | Reached skill level 7 in Maces & Flails
  4601 | D:6      | Reached XP level 9. HP: 57/75 MP: 9/9
  4769 | D:6      | Noticed Blork the orc
  4775 | D:6      | Killed Blork the orc
  4988 | D:6      | Noticed Maggie
  4996 | D:6      | Killed Maggie
  4997 | D:6      | Reached skill level 8 in Maces & Flails
  5248 | D:6      | Noticed an angel
  5249 | D:6      | Found a glowing silver altar of Zin.
  5250 | D:6      | Found a shimmering altar of Xom.
  5630 | D:6      | Found a shadowy altar of Dithmenos.
  5804 | D:7      | Reached skill level 9 in Maces & Flails
  6044 | D:7      | Found a flagged portal.
  6056 | Bailey   | Entered a bailey
  6101 | Bailey   | Reached ** piety under Cheibriados
  6225 | Bailey   | Reached XP level 10. HP: 86/86 MP: 10/10
  6232 | Bailey   | Identified the +5 dagger "Ogre's Nightmare" {spect,
                  | *Corrode rPois Will+}
  6232 | Bailey   | Noticed an orc knight
  6236 | Bailey   | Noticed an orc warlord
  6251 | Bailey   | Killed an orc knight
  6252 | Bailey   | Reached skill level 10 in Maces & Flails
  6264 | Bailey   | Killed an orc warlord
  6265 | Bailey   | Reached skill level 5 in Shields
  6274 | Bailey   | Reached *** piety under Cheibriados
  6663 | D:7      | Identified the +1 robe of Putriusi {Will+ Archmagi}
  7418 | D:8      | Reached skill level 11 in Maces & Flails
  7535 | D:8      | Reached **** piety under Cheibriados
  7617 | D:8      | Noticed Psyche
  7621 | D:8      | Killed Psyche
  8785 | D:9      | Identified the +10 war axe "Nunnuis" {venom, rF- Dex+7}
  8823 | D:9      | Noticed a cyclops
  8839 | D:9      | Killed a cyclops
  8840 | D:9      | Reached XP level 11. HP: 52/95 MP: 11/11
  9054 | D:9      | Reached skill level 5 in Dodging
  9650 | D:9      | Noticed Amaemon
  9656 | D:9      | Killed Amaemon
  9960 | D:10     | Entered Level 10 of the Dungeon
 10071 | D:10     | Reached ***** piety under Cheibriados
 10077 | D:10     | Found a staircase to the Lair.
 10270 | D:10     | Got Dawuaqav's Discursus on Synthesis
 10625 | D:10     | Noticed a two-headed ogre
 10631 | D:10     | Killed a two-headed ogre
 10632 | D:10     | Reached skill level 12 in Maces & Flails
 10693 | D:10     | Found a stormy altar of Qazlal.
 10813 | D:10     | Reached skill level 10 in Fighting
 10813 | D:10     | Reached skill level 10 in Armour
 10813 | D:10     | Reached XP level 12. HP: 107/107 MP: 12/12
 11159 | D:11     | Noticed a two-headed ogre
 11166 | D:11     | Killed a two-headed ogre
 11200 | D:11     | Reached skill level 1 in Invocations
 11427 | D:11     | Noticed a two-headed ogre
 11432 | D:11     | Killed a two-headed ogre
 11509 | D:11     | Reached ****** piety under Cheibriados
 11599 | D:11     | Reached XP level 13. HP: 97/115 MP: 15/15
 12318 | D:12     | Reached skill level 13 in Maces & Flails
 12696 | D:12     | Found a staircase to the Orcish Mines.
 12706 | Orc:1    | Entered Level 1 of the Orcish Mines
 12936 | Orc:1    | Reached skill level 5 in Invocations
 13162 | Orc:1    | Found a roughly hewn altar of Beogh.
 13466 | Orc:2    | Entered Level 2 of the Orcish Mines
 13510 | Orc:2    | HP: 3/117 [kobold blastminer/bolt (9)]
 13510 | Orc:2    | Killed from afar by an orc sorcerer

Illustrated notes

Levels and vault maps discovered:
D:1:      ncdulo_halloftheorcs, layout_loops_corners, minmay_tetromino_i4
D:2:      layout_loops_ring
D:3:      layout_loops_cross, uniq_sigmund
D:4:      layout_cave_pools, nicolae_stop_n_shop_1, uniq_pikel
D:5:      layout_loops_ring, trog_ov_bears_minmay,
          minmay_temple_entry_drinking_statues, lemuel_flame_loot_1
D:6:      layout_loops_ring, grunt_temple_overflow_order_and_chaos_1,
          mainiacjoe_overflow_alcove_2, small_statue_alley_b,
          uniq_blork_the_orc, uniq_maggie
D:7:      layout_loops_cross, enter_bailey_3, serial_glass, glass_columns_a,
          glass_columns_b, glass_columns_a, glass_columns_c, glass_columns_a,
          glass_columns_c, glass_columns_c, glass_columns_a, glass_columns_c,
          glass_columns_c, glass_columns_c, glass_columns_b, glass_columns_c,
          glass_columns_c
D:8:      layout_layer_cave, minmay_holes, serial_library_hellmonk_hallway_a,
          uniq_psyche
D:9:      minmay_polygon_palace, layout_loops_corners, uniq_amaemon
D:10:     layout_cross, nicolae_qazlal_general_emergency, erik_lair_island
D:11:     layout_loops_cross
D:12:     layout_cave_pods, orc_0_dummy, lemuel_zombie_altar_kikubaaqudgha
Temple:   minmay_crystal_spiral_temple
Orc:1:    cheibrodos_orc_guarddog, layout_caves, basic_altar,
          nicolae_orc_tapped_out
Orc:2:    grunt_orc_gardens, layout_diamond_mine, grunt_orc_garden,
          grunt_orc_garden, grunt_orc_garden, grunt_orc_garden, serial_shops,
          bzr_in_the_mist, basic_altar

Skill      XL: |  1  2  3  4  5  6  7  8  9 10 11 12 13 |
---------------+----------------------------------------+-----
Axes           | 3 5 |  5.4
Fighting       | 4 5 6 7 8 10 11 | 11.8
Armour         | 4 5 6 7 8 10 11 | 11.2
Dodging        | 1 2 3 4 6 7 |  7.4
Maces & Flails | 4 7 9 11 12 13 | 13.3
Shields        | 4 5 6 7 |  7.2
Throwing       | 3 |  3.6
Invocations    | 3 5 |  5.4
Stealth        | |  0.4
Evocations     | |  0.6

Action                     |  1- 3 |  4- 6 |  7- 9 | 10-12 | 13-15 || total
---------------------------+-------+-------+-------+-------+-------++-------
  Melee: War axe           |    84 |    27 |       |       |       ||   111
         Mace              |       |    53 |   188 |   323 |   171 ||   735
  Throw: Dart              |       |       |       |     9 |       ||     9
  Evoke: Wand              |       |       |     2 |       |       ||     2
         Condenser vane    |       |       |       |       |     1 ||     1
    Use: Potion            |     1 |     7 |     3 |    11 |     1 ||    23
         Scroll            |       |       |       |    11 |     2 ||    13
 Armour: Scale mail        |    51 |    49 |    98 |       |       ||   198
         Plate armour      |       |       |     2 |   239 |    94 ||   335
  Dodge: Dodged            |    32 |    34 |    71 |   190 |   109 ||   436
  Block: Buckler           |    26 |    20 |    30 |    98 |    75 ||   249
